 Dungeon Crawl Stone Soup version 0.28-b1-70-g80dc712255 (webtiles) character file.

Game seed: 2020408057603574614

2 vvl the Stinger (level 1, -1/12 (13) HPs)
             Began as a Demonspawn Venom Mage on Feb 4, 2022.
             Slain by a spectral hobgoblin (3 damage)
             ... on level 1 of the Dungeon.
             The game lasted 00:01:24 (99 turns).

vvl the Stinger (Demonspawn Venom Mage)               Turns: 99, Time: 00:01:24

HP:   -1/12 (13)    AC:  2    Str:  8    XL:     1   Next: 25%
MP:   3/3           EV: 12    Int: 16    God:
Gold: 3             SH:  0    Dex: 13    Spells: 3/4 levels left

rFire   + . .      SeeInvis .   d - +0 mace
rCold   + . .      Faith    .   (no shield)
rNeg    . . .      Spirit   .   a - +0 robe
rPois   +          Reflect  .   (no helmet)
rElec   +          Harm     .   (no cloak)
rCorr   +          Rampage  .   (no gloves)
Will    .....                   (no boots)
Stlth   ++........              (no amulet)
HPRegen 0.04/turn               (no ring)
MPRegen 0.08/turn               (no ring)

@: resistant, drained
A: no striking features
a: no special abilities


You were on level 1 of the Dungeon.
You visited 1 branch of the dungeon, and saw 1 of its levels.

You collected 3 gold pieces.

Inventory:

Hand Weapons
 d - a +0 mace (weapon)
Armour
 a - a +0 robe (worn)
Scrolls
 b - a scroll of immolation {unknown}


   Skills:
 + Level 0.0 Fighting
 + Level 1.7 Dodging
 + Level 1.8 Stealth
 + Level 2.0 Spellcasting
 + Level 0.0 Necromancy
 + Level 0.9 Transmutations
 * Level 3.0 Poison Magic


You had 3 spell levels left.
You knew the following spells:

 Your Spells              Type           Power      Damage    Failure   Level
a - Sting                 Tmut/Pois      28%        1d4       10%         1

Your spell library contained the following spells:

 Spells                   Type           Power      Damage    Failure   Level
 Poisonous Vapours        Pois/Air       12%        N/A       17%         2
 Mephitic Cloud           Conj/Pois/Air  4%         N/A       38%         3
 Olgreb's Toxic Radiance  Pois           11%        N/A       52%         4


Dungeon Overview and Level Annotations

Branches:
Dungeon (1/15)

Altars:


Message History

You are too injured to fight recklessly!
Casting: Sting (safe; 10% risk of failure)
Confirm with . or Enter, or press ? or * to list all spells.
Aiming: Sting (safe; 10% risk of failure)
Press: ? - help, Shift-Dir - straight line, f - goblin
Aim: a goblin, wielding a +0 dagger (60% to hit)
The sting misses the goblin.
The goblin hits you but does no damage.
Casting: Sting (safe; 10% risk of failure)
Confirm with . or Enter, or press ? or * to list all spells.
Aiming: Sting (safe; 10% risk of failure)
Press: ? - help, Shift-Dir - straight line, f/p - goblin
Aim: a goblin, wielding a +0 dagger (60% to hit)
The sting hits the goblin.
The goblin is poisoned.
The goblin is moderately wounded.
The goblin closely misses you.
You miss the goblin.
The goblin is severely wounded.
You kill the goblin!
You hit the spectral hobgoblin but do no damage.
The spectral hobgoblin closely misses you.
You hit the spectral hobgoblin.
The spectral hobgoblin is moderately damaged.
The spectral hobgoblin closely misses you.
The spectral hobgoblin hits you.
You barely miss the spectral hobgoblin.
The spectral hobgoblin is moderately damaged.
The spectral hobgoblin hits you.
* * * LOW HITPOINT WARNING * * *
You barely miss the spectral hobgoblin.
The spectral hobgoblin is moderately damaged.
The spectral hobgoblin hits you.
* * * LOW HITPOINT WARNING * * *
The spectral hobgoblin barely misses you.
There is an open door here.
You enter the shallow water.
Moving in this stuff is going to be slow.
It was a potion of resistance.
You feel protected. The spectral hobgoblin hits you.
You die...

..# .+ ._≈.≈.....#.. ..# ..# #≈+
≈≈.≈#≈≈.....#.#####..#### #.# #.#
≈.≈.#.≈.....#.##......... ..#
#.##≈...##......#.##.........
..###≈.≈##≈≈ #......#.##.........
.......≈≈.# #.#......##........
.........≈####...............#..
..........≈≈.≈≈....#..##...#.#.#
##......##.#...Z@..#..##...#.#.##
#......##.###.......>##...#.#.##
#......##'###...............#.#.
#..........###..#...............
#.!........# #..#.##########...#
#..........# #..#.# #....
#####.###.## #..# # ##... #.# #.#
#..# ##.. #.# ... ##.


You could see a spectral hobgoblin.

Vanquished Creatures
  A giant cockroach (D:1)
  A goblin (D:1)
2 creatures vanquished.

Notes
Turn   | Place    | Note
-------+----------+-------------------------------------------
     0 | D:1      | vvl the Demonspawn Venom Mage began the quest for the Orb.
     0 | D:1      | Reached XP level 1. HP: 13/13 MP: 3/3
    38 | D:1      | Found a faded altar of an unknown god.
    99 | D:1      | Slain by a spectral hobgoblin

Illustrated notes

Levels and vault maps discovered:
D:1:      scummos_arrival_hexagon, layout_basic,
          dreamdust_ecumenical_altar_drowned_temple,
          chequers_serial_rivers_large_a

Action                   || total
-------------------------++-------
Melee: Mace              ||     8
 Cast: Sting             ||     4
  Use: Potion            ||     1
Armor: Robe              ||     3
Dodge: Dodged            ||     6
